 Dungeon Crawl Stone Soup version 0.20.0-15-g7f486f2 (webtiles) character file.

603 NoAnimeNoLife the Basher (level 7, -5/41 HPs)
             Began as a Gargoyle Fighter on June 18, 2017.
             Was an Initiate of Gozag.
             Killed from afar by Dowan (11 damage)
             ... with a stone arrow
             ... on level 4 of the Dungeon.
             The game lasted 00:04:43 (2452 turns).

NoAnimeNoLife the Basher (Gargoyle Fighter)         Turns: 2452, Time: 00:04:44

Health: -5/41      AC: 12    Str: 19    XL:     7   Next: 42%
Magic:  7/7        EV:  7    Int: 14    God:    Gozag
Gold:   211        SH:  9    Dex: 13    Spells: 6/6 levels left

rFire    . . .     SeeInvis .   s - +2 whip (venom)
rCold    . . .     Gourm    .   c - +0 shield
rNeg     + . .     Faith    .   b - +0 scale mail
rPois    ∞         Spirit   .   r - +0 helmet
rElec    +         Reflect  .   (no cloak)
rCorr    .         Harm     .   (no gloves)
MR       .....                  (no boots)
Stlth    ..........             (no amulet)
Regen    0.2/turn               k - +2 ring of dexterity
MPRegen  0.1/turn               (no ring)

@: brilliant, gold aura
A: negative energy resistance 1, electricity resistance, unbreathing,
petrification resistance, rot immunity, AC +4
a: Potion Petition, Call Merchant, Bribe Branch, Renounce Religion


You were on level 4 of the Dungeon.
You worshipped Gozag.
Gozag was aware of your devotion.
You were not hungry.

You visited 2 branches of the dungeon, and saw 6 of its levels.

You collected 275 gold pieces.
You paid 64 gold pieces to Gozag.

Inventory:

Hand Weapons
 a - a +0 flail
 s - a +2 whip of venom (weapon)
Armour
 b - a +0 scale mail (worn)
 c - a +0 shield (worn)
 r - a +0 helmet (worn)
Jewellery
 k - a +2 ring of dexterity (left hand)
Scrolls
 g - 4 scrolls of remove curse {unknown}
 h - 5 scrolls of teleportation {unknown}
 n - 5 scrolls of enchant armour {unknown}
 o - 2 scrolls of recharging {unknown}
 p - a scroll of fear {unknown}
 t - 5 scrolls of identify {unknown}
 u - 3 scrolls of blinking {unknown}
 w - a scroll of random uselessness {unknown}
 x - a scroll of magic mapping {unknown}
 y - a scroll of immolation {unknown}
Potions
 d - a potion of might
 i - a potion of berserk rage {unknown}
 j - a potion of haste {unknown}
 m - a potion of flight {unknown}
 v - a potion of mutation {unknown}
Comestibles
 f - 2 bread rations
 l - 2 meat rations
 q - a royal jelly


   Skills:
 - Level 3.2 Fighting
 + Level 8.0 Maces & Flails
 - Level 3.2 Armour
 - Level 3.2 Shields


You had 6 spell levels left.
You didn't know any spells.

Dungeon Overview and Level Annotations

Branches:
Dungeon (5/15)             Temple (1/1) D:4

Altars:
Cheibriados
Dithmenos
Elyvilon
Gozag
Kikubaaqudgha
Makhleb
Nemelex Xobeh
Okawaru
Qazlal
Ru
Sif Muna
Trog
Vehumet
Xom
Yredelemnul
The Shining One
Lugonu

Annotations:
D:4 Dowan, Eustachio


Innate Abilities, Weirdness & Mutations

You are resistant to torment.
Your stone body is resilient. (AC +4)
You are immune to poison.
You resist negative energy. (rN+)
You are resistant to electric shocks. (rElec)
You can survive without breathing.
You are immune to petrification.
You are immune to rotting.


Message History

The quasit disappears in a puff of smoke!
The quokka disappears in a puff of smoke!
There is a stone staircase leading down here.
Unknown command.
Okay, then.
Okay, then.
It was a potion of brilliance.
You feel clever all of a sudden. Eustachio barely misses you.
Dowan breathes, "And she was my only..."
Dowan hits you but does no damage. Eustachio hits you but does no damage.
Dowan hits you but does no damage.
Dowan points at you and mumbles some strange words.
You block the shard of ice.
Eustachio mumbles some strange words.
Eustachio blinks!
Dowan gestures at you while chanting. The stone arrow hits you!
You die...
Your body crumbles into a pile of gold.

...#.############...#
##.............##..^#
#.#..########......#
#.##..# ###.@..#
##.###.#######......###
..................).[.#
##.####.#####.###.§>.##
#.# #..####.##..e..#
##.####.........@#####
## ##.##...##.....###
#. ...(..####..#### #.
####..# #..### ##.
##.####....## #..
#..##..##..#### ###.#
##....####....# #...#
##..## ####.# #.###
####..# #.##### #.#


You could see Eustachio and Dowan.

Vanquished Creatures
  Duvessa (D:5)
  A phantom (D:4)
  A bullfrog (D:4)
  A scorpion (D:4)
  The ghost of letownia the Ruffian, a weakling VSFi (D:4)
  A hound (D:4)
  A bullfrog skeleton (D:4)
  An orc wizard (D:5)
  Terence (D:2)
  An iguana (D:4)
  A worker ant (D:4)
  Robin (D:2)
  2 adders (D:4)
  An ooze (D:1)
  A worm (D:4)
  A dart slug (D:1)
  A leopard gecko (D:2)
  5 orcs
  A ball python (D:4)
  3 giant cockroaches
  11 goblins
  8 hobgoblins
  7 jackals
  2 quokkas
  3 bats (D:1)
  2 frilled lizards (D:2)
  A jackal skeleton (D:4)
  6 kobolds
  A quokka skeleton (D:4)
68 creatures vanquished.

Vanquished Creatures (others)
  A jackal (D:3)
  A kobold (D:3)
2 creatures vanquished.

Grand Total: 70 creatures vanquished

Notes
Turn   | Place    | Note
-------+----------+-------------------------------------------
     0 | D:1      | NoAnimeNoLife the Gargoyle Fighter began the quest for the Orb.
     0 | D:1      | Reached XP level 1. HP: 14/14 MP: 1/1
   164 | D:1      | Reached XP level 2. HP: 17/19 MP: 2/2
   231 | D:1      | Reached skill level 3 in Maces & Flails
   342 | D:1      | Reached XP level 3. HP: 21/23 MP: 3/3
   477 | D:2      | Noticed Terence
   484 | D:2      | Killed Terence
   484 | D:2      | Reached skill level 4 in Maces & Flails
   548 | D:2      | Found a glowing golden altar of the Shining One.
   564 | D:2      | Reached XP level 4. HP: 28/28 MP: 4/4
   641 | D:2      | Found a deep blue altar of Sif Muna.
   765 | D:2      | Found a sparkling altar of Nemelex Xobeh.
   791 | D:2      | Found a basalt altar of Yredelemnul.
   875 | D:2      | Found a white marble altar of Elyvilon.
   915 | D:2      | Noticed Robin
   964 | D:2      | Killed Robin
  1379 | D:3      | Found a stormy altar of Qazlal.
  1406 | D:3      | Found a radiant altar of Vehumet.
  1634 | D:4      | Reached skill level 5 in Maces & Flails
  1634 | D:4      | Reached XP level 5. HP: 32/32 MP: 5/5
  1701 | D:4      | Found a staircase to the Ecumenical Temple.
  1703 | D:4      | Noticed letownia's ghost (weakling VSFi)
  1762 | D:4      | Reached skill level 6 in Maces & Flails
  1762 | D:4      | Reached XP level 6. HP: 37/37 MP: 6/6
  1792 | D:4      | Killed letownia's ghost
  1798 | Temple   | Entered the Ecumenical Temple
  2036 | Temple   | Became a worshipper of Gozag Ym Sagoz the Greedy
  2234 | D:4      | Reached skill level 7 in Maces & Flails
  2277 | D:4      | Noticed a phantom
  2325 | D:4      | Killed a phantom
  2325 | D:4      | Reached XP level 7. HP: 37/41 MP: 7/7
  2369 | D:5      | Entered Level 5 of the Dungeon
  2371 | D:5      | Noticed Duvessa
  2373 | D:5      | Noticed Dowan
  2380 | D:5      | Noticed Eustachio
  2441 | D:5      | Killed Duvessa
  2441 | D:5      | Reached skill level 8 in Maces & Flails
  2452 | D:4      | Killed from afar by Dowan

Skill      XL: |  1  2  3  4  5  6  7 |
---------------+----------------------+-----
Maces & Flails | 3 4 5 6 7 8 |  8.0
Fighting       | |  3.2
Armour         | |  3.2
Shields        | |  3.2

Action                   |  1- 3 |  4- 6 |  7- 9 || total
-------------------------+-------+-------+-------++-------
Melee: Flail             |   108 |     2 |       ||   110
       Whip              |       |   168 |    27 ||   195
  Use: Potion            |       |       |     1 ||     1
  Eat: Chunk             |       |     3 |       ||     3
       Meat ration       |       |       |     1 ||     1
Armor: Scale mail        |    73 |    62 |    39 ||   174
Dodge: Dodged            |    45 |    32 |    21 ||    98
Block: Shield            |    68 |    62 |    25 ||   155
